 Dungeon Crawl Stone Soup version 0.24.1-11-gbbbb2193e6 (webtiles) character file.

Game seed: 8709298796917900073, levelgen mode: deterministic

668 lepoulpe303 the Covert (level 7, -5/32 HPs)
             Began as a Spriggan Enchanter on May 15, 2020.
             Was an Initiate of Gozag.
             Slain by a gnoll
             ... wielding a cursed -2 halberd
              (17 damage)
             ... on level 4 of the Dungeon.
             The game lasted 00:18:25 (5002 turns).

lepoulpe303 the Covert (Spriggan Enchanter)         Turns: 5002, Time: 00:18:26

Health: -5/32      AC:  6    Str:  4    XL:     7   Next: 32%
Magic:  14/14      EV: 18    Int: 18    God:    Gozag
Gold:   187        SH:  0    Dex: 17    Spells: 8/14 levels left

rFire    + . .     SeeInvis +   a - +2 short sword (venom)
rCold    x . .     Gourm    .   (shield restricted)
rNeg     . . .     Faith    .   x - +2 robe {MR+} {MR+}
rPois    .         Spirit   .   (helmet restricted)
rElec    .         Reflect  .   s - +1 cloak
rCorr    .         Harm     .   (gloves unavailable)
MR       ++...                  (boots unavailable)
Stlth    ++++......             (no amulet)
HPRegen  0.10/turn              l - +1 ring of slaying
MPRegen  0.14/turn              n - ring of fire {rF+, rC-}

@: gold aura, very quick
A: very small, unfitting armour, see invisible, herbivore, speed 3, slow
metabolism 2
a: Potion Petition, Call Merchant, Bribe Branch, Renounce Religion


You were on level 4 of the Dungeon.
You worshipped Gozag.
Gozag was aware of your devotion.
You were not hungry.

You visited 1 branch of the dungeon, and saw 4 of its levels.

You collected 214 gold pieces.
You paid 27 gold pieces to Gozag.

Inventory:

Hand Weapons
 a - a +2 short sword of venom (weapon)
 b - a +2 dagger of holy wrath
Missiles
 m - 4 poisoned darts (quivered)
Armour
 s - a +1 cloak (worn)
 t - a +1 cloak
 x - a +2 robe of magic resistance (worn) {MR+}
Jewellery
 k - a cursed ring of ice {rC+, rF-}
 l - a +1 ring of slaying (left hand)
 n - a ring of fire (right hand) {rF+, rC-}
Wands
 v - a wand of paralysis (4)
Scrolls
 f - a scroll of blinking {unknown}
 g - a scroll of amnesia {unknown}
 i - a scroll of identify
 o - a scroll of enchant weapon {unknown}
 p - 2 scrolls of teleportation {unknown}
 w - a scroll of remove curse
Potions
 c - 5 potions of curing {unknown}
 d - 2 potions of flight {unknown}
 h - a potion of resistance {unknown}
 j - 2 potions of degeneration {unknown}
 q - 2 potions of berserk rage {unknown}
 r - a potion of ambrosia {unknown}
 u - 2 potions of mutation {unknown}
Comestibles
 e - 3 rations


   Skills:
 - Level 5.0 Short Blades
 - Level 3.0 Dodging
 - Level 8.4 Stealth
 - Level 4.1 Spellcasting
 + Level 6.0 Hexes


You had 8 spell levels left.
You knew the following spells:

 Your Spells              Type           Power        Failure   Level  Hunger
a - Ensorcelled Hibernat  Hex/Ice        ##....       6%          2    ##.....
c - Confuse               Hex            ####....     3%          3    ###....
v - Corona                Hex            ####...      1%          1    None

Your spell library contained the following spells:

 Spells                   Type           Power        Failure   Level  Hunger
 Confusing Touch          Hex            ####..       1%          1    None
 Tukima's Dance           Hex            ####....     3%          3    ###....
 Dazzling Spray           Conj/Hex       ##....       13%         3    ###....
 Gell's Gravitas          Tloc           #.........   41%         3    ###....
 Metabolic Englaciation   Hex/Ice        ##........   75%         5    ######.
 Yara's Violent Unravell  Hex/Tmut       ##........   75%         5    ######.
 Petrify                  Tmut/Erth      #.......     82%         4    ####...


Dungeon Overview and Level Annotations

Branches:
Dungeon (4/15)             Temple (0/1) D:4

Altars:
Gozag

Annotations:
D:3 1 runed translucent door


Innate Abilities, Weirdness & Mutations

You are very small and have problems with some larger weapons.
You are too small for most types of armour.
You have supernaturally acute eyesight. (SInv)
You are a herbivore.
You cover ground extremely quickly.
You need to consume almost no food.


Message History

You hit the gnoll shaman.
The gnoll shaman looks as sick as possible!
You kill the gnoll shaman!
Your Hexes skill increases to level 6!
The gnoll misses you. The gnoll barely misses you.
Things that are here:
7 gold pieces; a +0 whip; a +0 robe You hit the gnoll.
The gnoll is poisoned.
The gnoll closely misses you.
You completely miss the gnoll.
The gnoll hits you with a cursed -2 halberd.
* * * LOW HITPOINT WARNING * * *
You take 1 damage, and have 12/32 hp.
You hit the gnoll but do no damage.
The gnoll looks as sick as possible!
The gnoll closely misses you.
The gnoll hits you from afar with a cursed -2 halberd!
Ouch! That really hurt!
You die...
Your body crumbles into a pile of gold.

#.#.########gg..#.#
#.#........g....#.#
#.#.#<...r.g.#..#..
#.#.###g######..####
#.#.....)r..).......
#.###########)......
#.#.g..$..).........
#.#$########........
#.#@# #.#.#####
#.#.# #.#......
#.#.# #.###....
#.#.# #.###.8.8
#.#.# #......⌠.
#.#.# #.....8.>
#...# #......⌠.
##### #.....8.8
#........


You could see a gnoll.

Levels and vault maps discovered:
D:1:      eino_arrival_cavern_d, layout_basic, serial_forest,
          infiniplex_forest_end_double, infiniplex_forest_straight_5,
          infiniplex_forest_lined_3, infiniplex_forest_clump_small,
          infiniplex_forest_straight_2, infiniplex_forest_straight_4
D:2:      layout_rooms, uniq_crazy_yiuf_cottage
D:3:      layout_basic, marbit_many_paths, ebering_ghost_sewer_f, minivault_4,
          uniq_jessica
D:4:      layout_basic, lemuel_crystal_altar,
          minmay_temple_entry_statues_fountains, kennysheep_path_1

Notes
Turn   | Place    | Note
-------+----------+-------------------------------------------
     0 | D:1      | lepoulpe303 the Spriggan Enchanter began the quest for the
                  | Orb.
     0 | D:1      | Reached XP level 1. HP: 9/9 MP: 5/5
     0 | D:1      | Identified a +0 dagger
    66 | D:1      | Identified a +0 dagger
    96 | D:1      | Identified a +0 dagger
   103 | D:1      | Reached XP level 2. HP: 13/13 MP: 6/6
   107 | D:1      | Learned a level 2 spell: Ensorcelled Hibernation
   143 | D:1      | Reached skill level 5 in Stealth
   213 | D:1      | Identified a +0 whip
   231 | D:1      | Reached skill level 2 in Short Blades
   261 | D:1      | Identified a +0 club
   480 | D:1      | Identified a +0 club
   865 | D:1      | Identified a +0 club
  1185 | D:1      | Reached XP level 3. HP: 16/16 MP: 8/8
  1190 | D:1      | Learned a level 3 spell: Confuse
  1360 | D:1      | Identified a +0 dagger
  1508 | D:1      | Identified a +0 cloak (You found it on level 1 of the
                  | Dungeon)
  1520 | D:2      | Identified 2 scrolls of remove curse
  1521 | D:2      | Identified a ring of slaying (You found it on level 2 of
                  | the Dungeon)
  1563 | D:2      | Identified a +0 club
  1646 | D:1      | HP: 3/16 [hobgoblin/+0 club (5)]
  1973 | D:2      | Reached skill level 6 in Stealth
  1998 | D:2      | Reached skill level 3 in Short Blades
  1998 | D:2      | Reached XP level 4. HP: 17/21 MP: 3/9
  2096 | D:2      | Identified a +0 dagger
  2102 | D:2      | Identified a +0 club
  2111 | D:2      | Identified a +0 club
  2356 | D:2      | Identified a ring of fire (You found it on level 2 of the
                  | Dungeon)
  2371 | D:2      | Identified a +0 club
  2453 | D:2      | Identified a +0 club
  2453 | D:2      | Identified a cursed ring of ice
  2819 | D:2      | Found a runed translucent door.
  2820 | D:2      | Identified a +2 quarterstaff of chaos
  2820 | D:2      | Identified a +1 cloak
  2820 | D:2      | Noticed Crazy Yiuf
  2828 | D:2      | Killed Crazy Yiuf
  2927 | D:3      | Reached skill level 7 in Stealth
  2928 | D:3      | Identified a +2 short sword of venom
  2947 | D:3      | Identified a +0 dagger
  2958 | D:3      | Reached XP level 5. HP: 24/24 MP: 10/10
  2975 | D:3      | Identified 2 scrolls of identify
  2975 | D:3      | Identified a +2 dagger of holy wrath (You found it on level
                  | 3 of the Dungeon)
  3022 | D:3      | Identified a +0 dagger
  3126 | D:3      | Reached skill level 4 in Short Blades
  3523 | D:3      | Found a runed translucent door.
  3524 | D:3      | Noticed Hugehornet's ghost (amateur OpTm)
  3530 | D:3      | Identified a +0 falchion
  3531 | D:3      | Identified a +0 falchion
  3533 | D:3      | Identified a +0 dagger
  3533 | D:3      | Identified a +0 robe
  3622 | D:3      | Identified a cursed -1 club
  3622 | D:3      | Identified a +2 robe of magic resistance
  3622 | D:3      | Noticed Jessica
  3627 | D:3      | Found a runed translucent door.
  3741 | D:3      | Killed Hugehornet's ghost
  3741 | D:3      | Reached skill level 5 in Short Blades
  3741 | D:3      | Reached skill level 8 in Stealth
  3741 | D:3      | Reached XP level 6. HP: 22/28 MP: 1/11
  3762 | D:3      | Reached skill level 3 in Spellcasting
  3762 | D:3      | Reached skill level 4 in Hexes
  4087 | D:3      | Killed Jessica
  4175 | D:3      | Identified a +0 club
  4194 | D:3      | Found an opulent altar of Gozag.
  4199 | D:3      | Became a worshipper of Gozag Ym Sagoz the Greedy
  4298 | D:4      | Reached skill level 4 in Spellcasting
  4298 | D:4      | Reached XP level 7. HP: 31/32 MP: 12/14
  4338 | D:4      | Found a staircase to the Ecumenical Temple.
  4363 | D:4      | Identified a +0 vampiric spear
  4363 | D:4      | Identified a +0 whip
  4379 | D:4      | Reached skill level 5 in Hexes
  4385 | D:4      | Identified a cursed -1 spear
  4466 | D:4      | Identified a +0 leather armour
  4466 | D:4      | Identified a +0 short sword
  4466 | D:4      | Identified a +1 dagger of flaming
  4466 | D:4      | Identified a +0 robe
  4467 | D:4      | Identified a +0 short sword
  4467 | D:4      | Identified a +0 leather armour
  4479 | D:4      | HP: 2/32 [orc priest/divine providence (13)]
  4507 | D:4      | Identified a +0 spear
  4908 | D:4      | Identified a cursed -2 halberd
  4910 | D:4      | Identified a +0 spear
  4911 | D:4      | Identified a +0 whip
  4911 | D:4      | Identified a +0 robe
  4911 | D:4      | Identified a +0 spear
  4997 | D:4      | Reached skill level 6 in Hexes
  5002 | D:4      | Slain by a gnoll

Table legend:
 A = Turns spent in this place as a percentage of turns spent in the entire game.
 B = Non-inter-level travel turns spent in this place as a percentage of non-inter-level travel turns spent in the entire game.
 C = Inter-level travel turns spent in this place as a percentage of turns spent in this place.
 D = Turns resting spent in this place as a percentage of non-inter-level travel turns spent in this place.
 E = Turns spent auto-exploring this place as a percentage of non-inter-level travel turns spent in this place.
 F = Non-inter-level travel turns spent in this place divided by the number of levels of this place that you've seen.
                   A       B       C       D       E      F
               +-------+-------+-------+-------+-------+----------------------
         Total | 100.0 | 100.0 |   4.9 |  35.4 |  35.2 | 1189.8
       Dungeon | 100.0 | 100.0 |   4.9 |  35.4 |  35.2 | 1189.8
               +-------+-------+-------+-------+-------+----------------------

Table legend:
 A = Kills in this place as a percentage of kills in entire the game.
 B = Kills by you in this place as a percentage of kills by you in the entire game.
 C = Kills by friends in this place as a percentage of kills by friends in the entire game.
 D = Other kills in this place as a percentage of other kills in the entire game.
 E = Experience gained in this place as a percentage of experience gained in the entire game.
 F = Experience gained in this place divided by the number of levels of this place that you have seen.
                   A       B       C       D       E      F
               +-------+-------+-------+-------+-------+----------------------
         Total | 100.0 | 100.0 |   N/A | 100.0 | 100.0 | 238.8
       Dungeon | 100.0 | 100.0 |   N/A | 100.0 | 100.0 | 238.8
               +-------+-------+-------+-------+-------+----------------------

Skill      XL: |  1  2  3  4  5  6  7 |
---------------+----------------------+-----
Stealth        | 5 6 7 8 |  8.4
Short Blades   | 2 3 5 |  5.0
Spellcasting   | 4 |  4.1
Hexes          | 4 6 |  6.0
Dodging        | |  3.0

Action                   |  1- 3 |  4- 6 |  7- 9 || total
-------------------------+-------+-------+-------++-------
Melee: Dagger            |   137 |   142 |       ||   279
       Short sword       |       |    81 |    35 ||   116
 Cast: Corona            |     2 |       |       ||     2
       Confuse           |     2 |     8 |     6 ||    16
       Ensorcelled Hiber |     2 |     1 |     1 ||     4
  Use: Scroll            |     1 |     1 |       ||     2
 Stab: Sleeping          |    11 |     5 |       ||    16
       Distracted        |     1 |       |     1 ||     2
       Confused          |     2 |     3 |     1 ||     6
  Eat: Ration            |       |     1 |     1 ||     2
Armor: Robe              |    13 |    32 |     1 ||    46
Dodge: Dodged            |    88 |   156 |    33 ||   277

Vanquished Creatures
  The ghost of Hugehornet the Insei, an amateur OpTm (D:3)
  2 bullfrogs
  A crimson imp (D:3)
  A gnoll shaman (D:4)
  An orc priest (D:4)
  Crazy Yiuf (D:2)
  Jessica (D:3)
  2 orc wizards
  5 gnolls (D:4)
  10 adders
  An ooze (D:3)
  A dart slug (D:1)
  A leopard gecko (D:2)
  5 orcs
  4 ball pythons
  4 giant cockroaches
  8 goblins
  9 hobgoblins
  8 jackals
  6 kobolds
  3 quokkas
  9 bats
  3 frilled lizards
  7 rats
94 creatures vanquished.
